 Dungeon Crawl Stone Soup version bcrawl-1.38.3 (webtiles) character file.

Game seed: 17651335824209502532

278751 vcxz the Basher (level 9, 0/74 HPs)
             Began as an Oni Archaeologist on June 8, 2023.
             Was a Believer of Okawaru.
             Succumbed to Maurice's poison
             ... on level 8 of the Dungeon.
             The game lasted 00:12:52 (7074 turns).

vcxz the Basher (Oni Archaeologist)                 Turns: 7074, Time: 00:12:53

Health: 0/74       AC: 12    Str: 15    XL:     9   Next: 93%
Magic:  12/12      EV: 12    Int: 21    God:    Okawaru [**....]
Gold:   444        SH:  0    Dex:  7    Spells: 8/8 levels left

rFire    . . .     GDR:     18% h - +2 great mace (crush)
rCold    . . .     SeeInvis .   (shield currently unavailable)
rNeg     . . .     Gourm    .   c - +2 animal skin
rPois    .         Faith    .   d - +1 hat
rElec    .         Spirit   .   (no cloak)
rCorr    .         Reflect  .   (no gloves)
MR       .....     Clarity  +   k - +1 pair of boots
Stlth    ++........             (no amulet)
HPRegen  0.22/turn              f - +5 ring of protection
MPRegen  0.13/turn              (no ring)

@: lethally poisoned (0 -> -11)
A: oni magic, claws 1, fangs 1, horns 1, clarity, clever 1, clumsy 1, wild magic
1
a: Heroism, Renounce Religion


You were on level 8 of the Dungeon.
You worshipped Okawaru.
Okawaru was pleased with you.
You were hungry.

You visited 2 branches of the dungeon, and saw 9 of its levels.

You collected 444 gold pieces.

Inventory:

Hand Weapons
 h - a +2 great mace of crushing (weapon)
Armour
 c - a +2 animal skin (worn)
 d - a +1 hat (worn)
 k - a +1 pair of boots (worn)
Jewellery
 f - a +5 ring of protection (left claw)
Wands
 l - a wand of disintegration (7)
Scrolls
 a - 2 scrolls of enchant armour
 b - 2 scrolls of teleportation
 g - 2 scrolls of magic mapping
 i - a scroll of identify
 s - 5 scrolls of remove curse
Potions
 j - a potion of agility
 m - a potion of cancellation
 o - a potion of might
 w - 2 potions of degeneration
Comestibles
 e - 13 rations {!d}
 n - a chunk of flesh


   Skills:
 + Level 5.0 Fighting
 * Level 13.1 Maces & Flails
 - Level 2.6 Dodging
 - Level 2.6 Stealth
 - Level 2.0 Invocations


You had 8 spell levels left.
You didn't know any spells.
Your spell library contained the following spells:

 Spells                   Type           Power        Failure   Level  Hunger
 Flame Tongue             Conj/Fire      #....        26%         1    None
 Searing Ray              Conj           #.......     34%         2    ####...
 Petrify                  Tmut/Erth      #.........   91%         4    ######.
 Freezing Cloud           Ice/Air        #.......     99%         5    #######


Dungeon Overview and Level Annotations

Branches:
Dungeon (8/12)             Temple (1/1) D:5            Lair (0/6) D:7
    Orc: D:8-11

Altars:
Ashenzari
Cheibriados
Dithmenos
Fedhas
Gozag
Hepliaklqana
Kikubaaqudgha
Lugonu
Makhleb
Nemelex Xobeh
Okawaru
Qazlal
Ru
Trog
Uskayaw
Vehumet
Wu Jian
Xom
Yredelemnul

Shops:
D:7 :

Annotations:
D:8 Maurice


Innate Abilities, Weirdness & Mutations

You learn spells by gaining experience, not through books or religion.
You only train spellcasting to practice magic.
You have sharp fingernails.
You have very sharp teeth.
You have a pair of small horns on your head.
You possess an exceptional clarity of mind.
Your mind is acute. (Int +2)
You are clumsy. (Dex -2)
Your spells are a little harder to cast, but a little more powerful.


Message History

* * * LOW HITPOINT WARNING * * *
You feel sick.
* * * LOW HITPOINT WARNING * * *
You feel sick.
* * * LOW HITPOINT WARNING * * *
You feel very sick.
* * * LOW HITPOINT WARNING * * *
You feel sick.
* * * LOW HITPOINT WARNING * * *
You feel sick.
* * * LOW HITPOINT WARNING * * *
You feel sick.
* * * LOW HITPOINT WARNING * * *
You feel sick.
Okay, then.
* * * LOW HITPOINT WARNING * * *
You feel sick.
* * * LOW HITPOINT WARNING * * *
You feel sick.
You die...

#.# #
#.####
#.....
#...##
...# #
#######
#....##
#.....#
....
#.....# #
#....@#
#.....#
#.....#
###.#.#
#.#.#
..#.# ##
#.# #.#
#.#######


There were no monsters in sight!

Vanquished Creatures
  Pikel (D:5)
  A hippogriff (D:5)
  Sigmund (D:3)
  A hungry ghost (D:5)
  3 wargs (D:7)
  An orc warrior (D:4)
  A black bear (D:8)
  6 ogres
  A kobold brigand (D:6)
  A bullfrog (D:7)
  Blork the orc (D:4)
  2 centaurs
  2 howler monkeys (D:7)
  An orc priest (D:4)
  2 crimson imps (D:5)
  2 hounds
  A jelly (D:5)
  4 orc wizards
  An iguana (D:5)
  6 worker ants
  A killer bee zombie (D:7)
  2 hound skeletons
  2 gnolls (D:4)
  7 adders
  A shadow imp (D:5)
  2 adder skeletons
  4 worms
  5 leopard geckos
  14 orcs
  A giant cockroach (D:3)
  5 hobgoblins
  10 jackals
  4 quokkas
  7 bats
  5 frilled lizards
  A goblin (D:3)
  A jackal skeleton (D:4)
  13 kobolds
  A quokka skeleton (D:4)
  3 rats
128 creatures vanquished.

Vanquished Creatures (others)
  A hungry ghost (D:5)
  A jackal (D:5)
  A butterfly (D:5)
3 creatures vanquished.

Grand Total: 131 creatures vanquished

Notes
Turn   | Place    | Note
-------+----------+-------------------------------------------
     0 | D:1      | vcxz the Oni Archaeologist began the quest for the Orb.
     0 | D:1      | Reached XP level 1. HP: 16/16 MP: 3/3
   255 | D:1      | Reached skill level 2 in Maces & Flails
   255 | D:1      | Reached XP level 2. HP: 13/23 MP: 4/4
  1299 | D:2      | Reached XP level 3. HP: 22/28 MP: 5/5
  1335 | D:2      | Reached skill level 3 in Maces & Flails
  1939 | D:3      | Reached XP level 4. HP: 29/35 MP: 6/6
  2037 | D:3      | Found a sacrificial altar of Ru.
  2123 | D:3      | Noticed Sigmund
  2135 | D:3      | Reached skill level 4 in Maces & Flails
  2344 | D:3      | Gained mutation: You are clumsy. (Dex -2) [potion of
                  | mutation]
  2344 | D:3      | Gained mutation: You possess an exceptional clarity of
                  | mind. [potion of mutation]
  2344 | D:3      | Gained mutation: Your spells are a little harder to cast,
                  | but a little more powerful. [potion of mutation]
  2344 | D:3      | Gained mutation: Your mind is acute. (Int +2) [potion of
                  | mutation]
  2667 | D:4      | Reached XP level 5. HP: 31/41 MP: 7/7
  2667 | D:4      | Identified a scroll of acquirement
  2667 | D:4      | Identified the +1 pair of boots "Ocyhud" {MR+} (You
                  | acquired it on level 4 of the Dungeon)
  2667 | D:4      | Identified the ring "Eguihis" {+Inv rElec Str+6 Dex-4
                  | Stlth++} (You acquired it on level 4 of the Dungeon)
  2749 | D:4      | Reached skill level 5 in Maces & Flails
  2860 | D:4      | Noticed Blork the orc
  2925 | D:4      | Noticed an ogre
  2934 | D:4      | Killed an ogre
  2935 | D:4      | Reached XP level 6. HP: 48/48 MP: 8/8
  2994 | D:4      | Reached skill level 6 in Maces & Flails
  3087 | D:4      | Noticed an orc warrior
  3107 | D:4      | Found a glowing golden altar of the Shining One.
  3428 | D:3      | Killed Sigmund
  3429 | D:3      | Reached skill level 7 in Maces & Flails
  3429 | D:3      | Reached XP level 7. HP: 55/56 MP: 9/9
  3557 | D:4      | Reached skill level 8 in Maces & Flails
  3667 | D:4      | Killed Blork the orc
  4339 | D:5      | Entered Level 5 of the Dungeon
  4383 | D:5      | Reached skill level 9 in Maces & Flails
  4383 | D:5      | Reached XP level 8. HP: 63/63 MP: 10/10
  4465 | D:5      | Found a staircase to the Ecumenical Temple.
  4477 | Temple   | Entered the Ecumenical Temple
  4632 | Temple   | Became a worshipper of Warmaster Okawaru
  4649 | D:5      | Noticed Pikel
  4668 | D:5      | Killed Pikel
  4669 | D:5      | Reached skill level 10 in Maces & Flails
  4856 | D:5      | Found a white marble altar of Elyvilon.
  5013 | D:5      | Noticed a hippogriff
  5018 | D:5      | Killed a hippogriff
  5018 | D:5      | Reached * piety under Okawaru
  5019 | D:5      | Reached skill level 11 in Maces & Flails
  5019 | D:5      | Reached XP level 9. HP: 61/71 MP: 11/11
  5839 | D:6      | Reached skill level 12 in Maces & Flails
  5958 | D:6      | Found a shattered altar of Ashenzari.
  6096 | D:6      | Reached skill level 1 in Invocations
  6362 | D:7      | Found a staircase to the Lair.
  6420 | D:7      | Reached ** piety under Okawaru
  6423 | D:7      | Noticed a troll
  6566 | D:7      | Found Moleakex's Book Shop.
  6885 | D:7      | Reached skill level 13 in Maces & Flails
  6924 | D:8      | Reached skill level 5 in Fighting
  7017 | D:8      | Noticed Maurice
  7071 | D:8      | HP: 3/74 [poisoned by Maurice]
  7073 | D:8      | HP: 1/74 [poisoned by Maurice]
  7074 | D:8      | Succumbed to Maurice's poison

Skill      XL: |  1  2  3  4  5  6  7  8  9 |
---------------+----------------------------+-----
Maces & Flails | 2 3 4 5 7 9 11 13 | 13.1
Fighting       | 2 3 5 |  5.0
Invocations    | 2 |  2.0
Dodging        | |  2.6
Stealth        | |  2.6

Action                   |  1- 3 |  4- 6 |  7- 9 || total
-------------------------+-------+-------+-------++-------
Melee: Whip              |   134 |    65 |       ||   199
       Headbutt          |    18 |    14 |    19 ||    51
       Bite              |     7 |     4 |     6 ||    17
       Great mace        |       |    37 |   193 ||   230
Evoke: Wand              |       |       |     3 ||     3
  Use: Potion            |     1 |     6 |     3 ||    10
       Scroll            |     2 |     7 |     3 ||    12
 Stab: Sleeping          |     4 |     1 |       ||     5
  Eat: Chunk             |     7 |     7 |    16 ||    30
       Ration            |       |       |     2 ||     2
Armor: Animal skin       |    57 |    29 |   101 ||   187
       Skin              |       |     6 |       ||     6
Dodge: Dodged            |    88 |    91 |   133 ||   312
